Tigers vs Marlies

Created - Monday, January 25, 2016 at 12:16

Goals
1 2 3 OT1 SO T
Tigers 1 0 0 0 1 2
Marlies 0 0 1 0 0 1
Shots
1 2 3 OT1 SO T
Tigers 8 13 9 6 6 36
Marlies 6 12 9 1 6 28

1st period

1. Tigers , Patrick Kaleta 14 (Jordan Leopold, Rene Bourque) at 1:36 (PP)

Penalties :
Jarred Tinordi (TOR) for Fighting (Major) at 0:58, Alexander Khokhlachev (BRI) for Fighting (Major) at 0:58, Rich Clune (TOR) for Fighting (Major) at 1:08, Brandon Bollig (BRI) for Fighting (Major) at 1:08, Rich Clune (TOR) for instigated a fight (Minor) at 1:08, Rich Clune (TOR) for instigated a fight (10 Minutes Misconduct) at 1:08, Brandon Bollig (BRI) for Hooking (Minor) at 13:05, Bobby Shea (TOR) for Holding (Minor) at 16:59

2nd period

No Goal

Penalties :
Rich Clune (TOR) for Fighting (Major) at 1:55, Anthony Peluso (BRI) for Fighting (Major) at 1:55, Jordan Nolan (TOR) for Hooking (Minor) at 4:29, Anthony Peluso (BRI) for Hooking (Minor) at 9:49, Kyle Quincey (BRI) for Slashing (Minor) at 14:23, Colton Gillies (TOR) for Fighting (Major) at 16:49, Anthony Peluso (BRI) for Fighting (Major) at 16:49, Jarred Tinordi (TOR) for Fighting (Major) at 17:23, Brandon Bollig (BRI) for Fighting (Major) at 17:23

3rd period

2. Marlies , Rich Clune 10 (Ryan Carpenter) at 12:53

Penalties :
Bobby Shea (TOR) for Hooking (Minor) at 6:14, Jarred Tinordi (TOR) for Fighting (Major / Game Misconduct) at 13:03, Brandon Bollig (BRI) for Fighting (Major / Game Misconduct) at 13:03

Overtime #1

No Goal

Penalties :
No Penalty

Shootout

Penalty Shot by Rene Bourque for Tigers - Stopped by Scott Clemmensen
Penalty Shot by Jordan Nolan for Marlies - Stopped by Cam Ward
Penalty Shot by Jordan Leopold for Tigers - Shot Misses the Net
Penalty Shot by Andy Miele for Marlies - Stopped by Cam Ward
Penalty Shot by Patrick Kaleta for Tigers - Stopped by Scott Clemmensen
Penalty Shot by Rich Clune for Marlies - Stopped by Cam Ward
Penalty Shot by Ty Rattie for Tigers - Stopped by Scott Clemmensen
Penalty Shot by Colton Gillies for Marlies - Shot Misses the Net
Penalty Shot by Ronalds Kenins for Tigers - Stopped by Scott Clemmensen
Penalty Shot by Stefan Noesen for Marlies - Stopped by Cam Ward
Penalty Shot by Kyle Quincey for Tigers - Goal!
Penalty Shot by Andrew Yogan for Marlies - Stopped by Cam Ward

Penalties :
No Penalty

Goalie Stats

Cam Ward (BRI), 27 saves from 28 shots - (0.964), W, 25-4-12, 65:00 minutes
Scott Clemmensen (TOR), 35 saves from 36 shots - (0.972), OTL, 12-2-11, 65:00 minutes

Players Stats for Tigers

Player Name              G  A  P  +/- PIM S  H  SB GA TA FO     MP     PP MP  PK MP  
------------------------------------------------------------------------------------
Adam Comrie              0  0  0   0  0   0  3  4  0  0  0/0    23:45   3:16   3:55 
Alexander Khokhlachev    0  0  0   0  5   0  1  0  4  0  8/14   16:49   3:07   0:00 
Anthony Peluso           0  0  0   0  12  3  2  1  1  0  0/0    12:11   0:00   0:00 
Brandon Bollig           0  0  0  -1  27  3  2  0  0  0  1/1    14:23   2:50   1:46 
Brandon Defazio          0  0  0   0  0   2  1  0  0  0  3/3    14:22   1:07   1:31 
Carter Rowney            0  0  0  -1  0   0  2  1  0  0  6/18   17:24   2:50   0:00 
Chandler Stephenson      0  0  0   0  0   0  1  0  0  0  7/13   16:41   0:00   0:38 
Connor Carrick           0  0  0   0  0   1  2  1  0  2  0/0    23:45   3:16   3:55 
Harry Zolnierczyk        0  0  0   0  0   1  1  0  0  0  3/4     9:59   0:00   2:24 
Ian White                0  0  0   0  0   1  1  1  0  0  0/0    12:28   0:00   1:01 
Jordan Leopold           0  1  1   0  0   4  1  3  0  1  0/0    25:13   3:09   2:02 
Kane Lafranchise         0  0  0   0  0   1  0  1  0  1  0/0    11:27   0:00   0:00 
Keith Seabrook           0  0  0  -1  0   0  2  0  1  1  0/0     5:13   0:00   0:17 
Kyle Quincey             0  0  0  -1  2   11 2  2  1  3  0/0    28:29   3:09   0:44 
Patrick Kaleta           1  0  1   0  0   2  4  0  4  1  0/0    20:39   3:35   1:09 
Rene Bourque             0  1  1   0  0   1  1  0  1  0  3/4    24:21   2:56   3:17 
Ronalds Kenins           0  0  0   0  0   4  4  1  4  0  0/1    17:49   0:00   0:00 
Ty Rattie                0  0  0  -1  0   2  0  2  6  0  0/0    18:56   2:50   1:09 

Players Stats for Marlies

Player Name              G  A  P  +/- PIM S  H  SB GA TA FO     MP     PP MP  PK MP  
------------------------------------------------------------------------------------
Andrew Yogan             0  0  0   0  0   1  2  0  0  0  4/5     8:47   0:00   0:00 
Andy Miele               0  0  0   0  0   0  0  1  0  0  0/0    21:19   1:16   4:49 
Austen Brassard          0  0  0   1  0   2  2  0  0  1  0/0    16:00   2:03   0:00 
Bobby Shea               0  0  0   0  4   0  0  2  1  2  0/0    15:38   0:45   0:28 
Chad Nehring             0  0  0   0  0   0  1  0  0  0  0/0    11:36   1:31   0:00 
Colton Gillies           0  0  0   0  5   2  1  0  1  2  0/4    19:44   2:24   1:16 
David Shields            0  0  0   1  0   1  0  1  0  1  0/0    22:36   2:40   2:34 
Gemel Smith              0  0  0   0  0   1  1  0  2  1  6/14   11:04   0:00   0:20 
Jarred Tinordi           0  0  0   0  25  3  1  1  1  2  0/0    18:21   3:17   3:23 
Jonathon Blum            0  0  0   1  0   2  0  1  0  0  0/0    22:58   2:40   2:34 
Jordan Nolan             0  0  0   0  2   0  1  0  0  0  4/13   17:02   3:09   0:00 
Morgan Ellis             0  0  0   0  0   0  0  0  0  0  0/0     0:00   0:00   0:00 
Phil Di Giuseppe         0  0  0   0  0   2  1  0  1  0  0/0    18:39   0:00   1:40 
Rich Clune               1  0  1   1  22  2  3  0  3  0  1/3    16:20   1:53   0:15 
Ryan Carpenter           0  1  1   1  0   2  2  0  2  1  7/12   19:06   2:03   0:38 
Scott Harrington         0  0  0   0  0   5  3  5  3  1  0/0    30:34   3:17   3:51 
Stefan Noesen            0  0  0   0  0   4  1  0  2  0  5/7    22:53   2:47   3:52 
Travis Ehrhardt          0  0  0   0  0   1  0  1  0  0  0/0    20:49   0:00   0:00 

3 Stars

1 - Scott Clemmensen (TOR)
2 - Cam Ward (BRI)
3 - Patrick Kaleta (BRI)

Power Play

Tigers - 1 on 4 Attempt(s) - 25.00%
Marlies - 0 on 3 Attempt(s) - 0.00%

Penalty Kill

Tigers - 3 on 3 Attempt(s) - 100.00% - Score 0 goal in Penalty Kill
Marlies - 3 on 4 Attempt(s) - 75.00% - Score 0 goal in Penalty Kill

Team Stat

Tigers - Hits : 30 - Faceoff Wins : 31 - Blocked Shots : 17 - Penalty Minutes : 46
Marlies - Hits : 19 - Faceoff Wins : 27 - Blocked Shots : 12 - Penalty Minutes : 58

Official

Referees : Unknown
Linesman : Unknown

Game Notes

Jarred Tinordi and Alexander Khokhlachev fight to a draw at 0:58 of 1st period
Rich Clune and Brandon Bollig fight to a draw at 1:08 of 1st period
Anthony Peluso beats up Rich Clune at 1:55 of 2nd period
Colton Gillies beats up Anthony Peluso at 16:49 of 2nd period
Jarred Tinordi and Brandon Bollig fight to a draw at 17:23 of 2nd period
Jarred Tinordi and Brandon Bollig fight to a draw at 13:03 of 3rd period
Jarred Tinordi ejected from game at 13:03 of 3rd period
Brandon Bollig ejected from game at 13:03 of 3rd period

Finance

Level 1 -- Attendance: 1588 (79.40%) -- Ticket Income $55,580
Level 2 -- Attendance: 712 (71.20%) -- Ticket Income $10,680
Total Attendance: 2300 (76.67%)
Total Ticket Income: $66,260
Other Income: $32,467
Total Income: $98,727

Tigers

5 vs 5 Forward 
   Center                   Left Wing                Right Wing               Time % Phy DF OF 
 1 Alexander Khokhlachev    Rene Bourque             Patrick Kaleta           35     1   2  2  
 2 Carter Rowney            Brandon Bollig           Ty Rattie                30     1   2  2  
 3 Chandler Stephenson      Ronalds Kenins           Anthony Peluso           22     1   2  2  
 4 Rene Bourque             Harry Zolnierczyk        Brandon Bollig           13     1   2  2  

5 vs 5 Defense 
   Defense                  Defense                                           Time % Phy DF OF 
 1 Kyle Quincey             Jordan Leopold                                    35     1   2  2  
 2 Connor Carrick           Adam Comrie                                       30     1   2  2  
 3 Kane Lafranchise         Ian White                                         22     1   2  2  
 4 Keith Seabrook           Kyle Quincey                                      13     1   2  2  

PowerPlay Forward 
   Center                   Left Wing                Right Wing               Time % Phy DF OF 
 1 Alexander Khokhlachev    Rene Bourque             Patrick Kaleta           60     1   2  2  
 2 Carter Rowney            Brandon Bollig           Ty Rattie                40     1   2  2  

PowerPlay Defense
   Defense                  Defense                                           Time % Phy DF OF 
 1 Kyle Quincey             Jordan Leopold                                    60     1   2  2  
 2 Connor Carrick           Adam Comrie                                       40     1   2  2  

Penalty Kill 4 Players Forward 
   Center                   Wing                     Time % Phy DF OF 
 1 Rene Bourque             Brandon Bollig           60     1   2  2  
 2 Patrick Kaleta           Ty Rattie                40     1   2  2  

Penalty Kill 4 Players Defense
   Defense                  Defense                  Time % Phy DF OF 
 1 Kyle Quincey             Jordan Leopold           60     1   2  2  
 2 Connor Carrick           Adam Comrie              40     1   2  2  

Penalty Kill - 3 Players Forward 
   Forward                                           Time % Phy DF OF 
 1 Rene Bourque                                      60     1   2  2  
 2 Brandon Bollig                                    40     1   2  2  

Penalty Kill - 3 Players Defense
   Defense                  Defense                  Time % Phy DF OF 
 1 Kyle Quincey             Jordan Leopold           60     1   2  2  
 2 Connor Carrick           Adam Comrie              40     1   2  2  

4 vs 4 Forward 
   Center                   Wing                     Time % Phy DF OF 
 1 Rene Bourque             Brandon Bollig           60     1   2  2  
 2 Patrick Kaleta           Ty Rattie                40     1   2  2  

4 vs 4 Defense
   Defense                  Defense                  Time % Phy DF OF 
 1 Kyle Quincey             Jordan Leopold           60     1   2  2  
 2 Connor Carrick           Adam Comrie              40     1   2  2  

Last Minutes Offensive
   Center                   Left Wing                Right Wing               Defense                  Defense                  
   Alexander Khokhlachev    Rene Bourque             Patrick Kaleta           Kyle Quincey             Jordan Leopold           

Last Minutes Defensive
   Center                   Left Wing                Right Wing               Defense                  Defense                  
   Alexander Khokhlachev    Rene Bourque             Patrick Kaleta           Kyle Quincey             Jordan Leopold           

Goaltenders
Starting : Cam Ward                 
Backup : Scott Munroe             

Extra Forwards
Normal : Brandon Defazio, Ronalds Kenins, Harry Zolnierczyk - PP : Brandon Defazio, Ronalds Kenins - PK : Harry Zolnierczyk
Extra Defensemen
Normal : Kane Lafranchise, Ian White, Keith Seabrook - PP : Kane Lafranchise - PK : Ian White, Keith Seabrook
Penalty Shots
Rene Bourque, Brandon Bollig, Patrick Kaleta, Ty Rattie, Ronalds Kenins

Marlies

5 vs 5 Forward 
   Center                   Left Wing                Right Wing               Time % Phy DF OF 
 1 Jordan Nolan             Andy Miele               Stefan Noesen            35     1   2  2  
 2 Ryan Carpenter           Rich Clune               Austen Brassard          30     1   2  2  
 3 Andrew Yogan             Colton Gillies           Rich Clune               22     1   2  2  
 4 Gemel Smith              Phil Di Giuseppe         Colton Gillies           13     1   2  2  

5 vs 5 Defense 
   Defense                  Defense                                           Time % Phy DF OF 
 1 Jarred Tinordi           Scott Harrington                                  35     1   2  2  
 2 Jonathon Blum            David Shields                                     30     1   2  2  
 3 Travis Ehrhardt          Bobby Shea                                        22     1   2  2  
 4 Jarred Tinordi           Scott Harrington                                  13     1   2  2  

PowerPlay Forward 
   Center                   Left Wing                Right Wing               Time % Phy DF OF 
 1 Colton Gillies           Jordan Nolan             Stefan Noesen            60     1   2  2  
 2 Ryan Carpenter           Rich Clune               Austen Brassard          40     1   2  2  

PowerPlay Defense
   Defense                  Defense                                           Time % Phy DF OF 
 1 Jarred Tinordi           Scott Harrington                                  60     1   2  2  
 2 Jonathon Blum            David Shields                                     40     1   2  2  

Penalty Kill 4 Players Forward 
   Center                   Wing                     Time % Phy DF OF 
 1 Stefan Noesen            Andy Miele               60     1   2  2  
 2 Rich Clune               Colton Gillies           40     1   2  2  

Penalty Kill 4 Players Defense
   Defense                  Defense                  Time % Phy DF OF 
 1 Jarred Tinordi           Scott Harrington         60     1   2  2  
 2 Jonathon Blum            David Shields            40     1   2  2  

Penalty Kill - 3 Players Forward 
   Forward                                           Time % Phy DF OF 
 1 Rich Clune                                        60     1   2  2  
 2 Colton Gillies                                    40     1   2  2  

Penalty Kill - 3 Players Defense
   Defense                  Defense                  Time % Phy DF OF 
 1 Jarred Tinordi           Scott Harrington         60     1   2  2  
 2 Jonathon Blum            David Shields            40     1   2  2  

4 vs 4 Forward 
   Center                   Wing                     Time % Phy DF OF 
 1 Stefan Noesen            Phil Di Giuseppe         60     1   2  2  
 2 Rich Clune               Colton Gillies           40     1   2  2  

4 vs 4 Defense
   Defense                  Defense                  Time % Phy DF OF 
 1 Jarred Tinordi           Scott Harrington         60     1   2  2  
 2 Jonathon Blum            David Shields            40     1   2  2  

Last Minutes Offensive
   Center                   Left Wing                Right Wing               Defense                  Defense                  
   Jordan Nolan             Andy Miele               Stefan Noesen            Jarred Tinordi           Scott Harrington         

Last Minutes Defensive
   Center                   Left Wing                Right Wing               Defense                  Defense                  
   Jordan Nolan             Andy Miele               Stefan Noesen            Jarred Tinordi           Scott Harrington         

Goaltenders
Starting : Scott Clemmensen         
Backup : Dustin Tokarski          

Extra Forwards
Normal : Rich Clune, Chad Nehring, Phil Di Giuseppe - PP : Rich Clune, Chad Nehring - PK : Phil Di Giuseppe
Extra Defensemen
Normal : Travis Ehrhardt, Bobby Shea, Jonathon Blum - PP : Travis Ehrhardt - PK : Bobby Shea, Jonathon Blum
Penalty Shots
Jordan Nolan, Andy Miele, Rich Clune, Colton Gillies, Stefan Noesen

% Time on Ice - Tigers

Lines # - Real PCT - Wanted PCT - Time Play
Normal Forward
1 - 31% - 35% - 14:41
2 - 31% - 30% - 14:57
3 - 32% - 22% - 15:11
4 - 6% - 13% - 2:49
Normal Defense
1 - 36% - 35% - 17:16
2 - 30% - 30% - 14:20
3 - 24% - 22% - 11:27
4 - 10% - 13% - 4:35
PP Forward
1 - 56% - 60% - 3:35
2 - 44% - 40% - 2:50
PP Defense
1 - 49% - 60% - 3:09
2 - 51% - 40% - 3:16
PK Forward
1 - 81% - 60% - 4:48
2 - 19% - 40% - 1:09
PK Defense
1 - 34% - 60% - 2:02
2 - 66% - 40% - 3:55
PK3 Forward
1 - 0% - 60%
2 - 0% - 40%
PK3 Defense
1 - 0% - 60%
2 - 0% - 40%
44 Forward
1 - 100% - 60% - 5:00
2 - 0% - 40% - 0:00
44 Defense
1 - 55% - 60% - 2:46
2 - 45% - 40% - 2:14
Last Minute Offensive  - 0:00
Last Minute Defensive  - 0:00
Total
Forward - 65:00
Defense - 65:00

% Time on Ice - Marlies

Lines # - Real PCT - Wanted PCT - Time Play
Normal Forward
1 - 29% - 35% - 13:55
2 - 30% - 30% - 14:12
3 - 18% - 22% - 8:47
4 - 23% - 13% - 10:44
Normal Defense
1 - 37% - 35% - 17:25
2 - 32% - 30% - 15:28
3 - 25% - 22% - 11:50
4 - 6% - 13% - 2:55
PP Forward
1 - 53% - 60% - 3:09
2 - 47% - 40% - 2:48
PP Defense
1 - 55% - 60% - 3:17
2 - 45% - 40% - 2:40
PK Forward
1 - 80% - 60% - 5:09
2 - 20% - 40% - 1:16
PK Defense
1 - 60% - 60% - 3:51
2 - 40% - 40% - 2:34
PK3 Forward
1 - 0% - 60%
2 - 0% - 40%
PK3 Defense
1 - 0% - 60%
2 - 0% - 40%
44 Forward
1 - 92% - 60% - 4:37
2 - 8% - 40% - 0:23
44 Defense
1 - 62% - 60% - 3:06
2 - 38% - 40% - 1:54
Last Minute Offensive  - 0:00
Last Minute Defensive  - 0:00
Total
Forward - 65:00
Defense - 65:00

Play by Play

1st period


0:01 of 1st period - Alexander Khokhlachev wins face-off versus Jordan Nolan in neutral zone.
0:06 of 1st period - Slapshot by Rene Bourque.
0:06 of 1st period - Shot Misses the Net.
0:13 of 1st period - Off-side.
0:14 of 1st period - Alexander Khokhlachev wins face-off versus Jordan Nolan in neutral zone.
0:54 of 1st period - Jarred Tinordi is hit by Patrick Kaleta and loses puck.
0:58 of 1st period - Jarred Tinordi and Alexander Khokhlachev fight to a draw.
0:58 of 1st period - Penalty to Jarred Tinordi for Fighting.
0:58 of 1st period - Penalty to Alexander Khokhlachev for Fighting.
0:59 of 1st period - Carter Rowney wins face-off versus Andrew Yogan in neutral zone.
1:02 of 1st period - Andrew Yogan is hit by Connor Carrick and loses puck.
1:08 of 1st period - Rich Clune and Brandon Bollig fight to a draw.
1:08 of 1st period - Penalty to Rich Clune for Fighting.
1:08 of 1st period - Penalty to Brandon Bollig for Fighting.
1:08 of 1st period - Penalty to Rich Clune for instigated a fight.
1:08 of 1st period - Penalty to Rich Clune for instigated a fight.
1:09 of 1st period - Brandon Defazio wins face-off versus Stefan Noesen in neutral zone.
1:34 of 1st period - Slapshot by Jordan Leopold.
1:34 of 1st period - Stopped by Scott Clemmensen with a rebound.
1:36 of 1st period - Slapshot by Patrick Kaleta.
1:36 of 1st period - Goal by Patrick Kaleta - Tigers : 1 - Marlies : 0.
1:37 of 1st period - Chandler Stephenson wins face-off versus Ryan Carpenter in neutral zone.
2:03 of 1st period - Slapshot by Austen Brassard.
2:03 of 1st period - Shot Misses the Net.
2:05 of 1st period - Slapshot by Austen Brassard.
2:05 of 1st period - Stopped by Cam Ward with a rebound.
2:13 of 1st period - Chad Nehring is hit by Anthony Peluso and loses puck.
2:33 of 1st period - David Shields is hit by Ian White.
2:39 of 1st period - Kane Lafranchise is hit by Andrew Yogan and loses puck.
2:48 of 1st period - Andrew Yogan is hit by Carter Rowney and loses puck.
4:41 of 1st period - Anthony Peluso is hit by Chad Nehring and loses puck.
5:16 of 1st period - Icing by Jordan Leopold.
5:17 of 1st period - Gemel Smith wins face-off versus Ronalds Kenins in Tigers zone.
5:24 of 1st period - Wrist shot by Gemel Smith.
5:24 of 1st period - Stopped by Cam Ward without a rebound.
5:25 of 1st period - Brandon Defazio wins face-off versus Gemel Smith in Tigers zone.
6:28 of 1st period - Wrist shot by Patrick Kaleta.
6:28 of 1st period - Stopped by Scott Clemmensen with a rebound.
6:30 of 1st period - Snap shot by Alexander Khokhlachev.
6:30 of 1st period - Deflect By Rene Bourque.
6:30 of 1st period - Shot Misses the Net.
6:30 of 1st period - Puck is out of play.
6:31 of 1st period - Ryan Carpenter wins face-off versus Alexander Khokhlachev in Marlies zone.
6:44 of 1st period - Slapshot by Jarred Tinordi.
6:44 of 1st period - Deflect By Patrick Kaleta.
6:44 of 1st period - Stopped by Cam Ward without a rebound.
6:45 of 1st period - Ryan Carpenter wins face-off versus Carter Rowney in Tigers zone.
6:56 of 1st period - Slapshot by Jarred Tinordi.
6:56 of 1st period - Shot Misses the Net.
7:56 of 1st period - Snap shot by Harry Zolnierczyk.
7:56 of 1st period - Stopped by Scott Clemmensen with a rebound.
7:58 of 1st period - Slapshot by Rene Bourque.
7:58 of 1st period - Shot Misses the Net.
8:47 of 1st period - Phil Di Giuseppe is hit by Brandon Bollig.
8:51 of 1st period - Ty Rattie is hit by Ryan Carpenter and loses puck.
9:36 of 1st period - Icing by Anthony Peluso.
9:37 of 1st period - Brandon Defazio wins face-off versus Gemel Smith in Tigers zone.
9:42 of 1st period - Gemel Smith is hit by Brandon Bollig and loses puck.
10:34 of 1st period - Snap shot by Anthony Peluso.
10:34 of 1st period - Stopped by Scott Clemmensen with a rebound.
10:36 of 1st period - Slapshot by Ian White.
10:36 of 1st period - Stopped by Scott Clemmensen without a rebound.
10:37 of 1st period - Ryan Carpenter wins face-off versus Chandler Stephenson in Marlies zone.
10:42 of 1st period - Ronalds Kenins is hit by Austen Brassard and loses puck.
10:47 of 1st period - Slapshot by Ryan Carpenter.
10:47 of 1st period - Deflect By Austen Brassard.
10:47 of 1st period - Shot Blocked by Ian White.
10:47 of 1st period - Puck is out of play.
10:48 of 1st period - Ryan Carpenter wins face-off versus Carter Rowney in Tigers zone.
10:53 of 1st period - Snap shot by Ryan Carpenter.
10:53 of 1st period - Deflect By Ty Rattie.
10:53 of 1st period - Shot Misses the Net.
10:53 of 1st period - Puck is out of play.
10:54 of 1st period - Ryan Carpenter wins face-off versus Carter Rowney in Tigers zone.
11:18 of 1st period - Bobby Shea is hit by Keith Seabrook and loses puck.
11:43 of 1st period - Travis Ehrhardt is hit by Anthony Peluso and loses puck.
12:21 of 1st period - Slapshot by Jarred Tinordi.
12:21 of 1st period - Deflect By Stefan Noesen.
12:21 of 1st period - Shot Misses the Net.
12:21 of 1st period - Puck is out of play.
12:22 of 1st period - Jordan Nolan wins face-off versus Alexander Khokhlachev in Tigers zone.
12:38 of 1st period - Icing by Jordan Leopold.
12:39 of 1st period - Alexander Khokhlachev wins face-off versus Colton Gillies in Tigers zone.
13:05 of 1st period - Minor Penalty to Brandon Bollig for Hooking.
13:06 of 1st period - Rene Bourque wins face-off versus Colton Gillies in Tigers zone.
13:06 of 1st period - Rene Bourque is hit by Jarred Tinordi.
13:20 of 1st period - Slapshot by Jarred Tinordi.
13:20 of 1st period - Shot Blocked by Adam Comrie.
13:22 of 1st period - Snap shot by Stefan Noesen.
13:22 of 1st period - Stopped by Cam Ward without a rebound.
13:23 of 1st period - Harry Zolnierczyk wins face-off versus Colton Gillies in Tigers zone.
14:50 of 1st period - Slapshot by Ryan Carpenter.
14:50 of 1st period - Stopped by Cam Ward with a rebound.
14:52 of 1st period - Slapshot by David Shields.
14:52 of 1st period - Deflect By Harry Zolnierczyk.
14:52 of 1st period - Stopped by Cam Ward with a rebound.
15:05 of 1st period - Penalty to Brandon Bollig is over, Brandon Bollig is back on ice.
15:25 of 1st period - Travis Ehrhardt is hit by Adam Comrie and loses puck.
16:08 of 1st period - 10 Minutes Misconduct Penalty to Rich Clune is over.
16:47 of 1st period - Wrist shot by Alexander Khokhlachev.
16:47 of 1st period - Shot Misses the Net.
16:49 of 1st period - Slapshot by Kane Lafranchise.
16:49 of 1st period - Stopped by Scott Clemmensen with a rebound.
16:59 of 1st period - Minor Penalty to Bobby Shea for Holding.
17:00 of 1st period - Carter Rowney wins face-off versus Stefan Noesen in Marlies zone.
17:21 of 1st period - Wrist shot by Brandon Bollig.
17:21 of 1st period - Deflect By Ty Rattie.
17:21 of 1st period - Stopped by Scott Clemmensen with a rebound.
17:31 of 1st period - Snap shot by Ty Rattie.
17:31 of 1st period - Shot Blocked by Scott Harrington.
17:53 of 1st period - Scott Harrington is hit by Patrick Kaleta and loses puck.
18:52 of 1st period - Patrick Kaleta is hit by Ryan Carpenter.
18:56 of 1st period - Ryan Carpenter is hit by Patrick Kaleta and loses puck.
18:59 of 1st period - Penalty to Bobby Shea is over, Bobby Shea is back on ice.
19:03 of 1st period - Patrick Kaleta is hit by Scott Harrington and loses puck.
19:52 of 1st period - Phil Di Giuseppe is hit by Keith Seabrook.
Goals for this period are 1 for Tigers vs 0 for Marlies.
Shots for this period are 8 for Tigers vs 6 for Marlies.

2nd period


0:01 of 2nd period - Alexander Khokhlachev wins face-off versus Jordan Nolan in neutral zone.
0:04 of 2nd period - Scott Harrington is hit by Jordan Leopold and loses puck.
0:09 of 2nd period - Slapshot by Patrick Kaleta.
0:09 of 2nd period - Shot Blocked by Jarred Tinordi.
0:11 of 2nd period - Slapshot by Kyle Quincey.
0:11 of 2nd period - Stopped by Scott Clemmensen with a rebound.
0:13 of 2nd period - Slapshot by Alexander Khokhlachev.
0:13 of 2nd period - Shot Misses the Net.
0:15 of 2nd period - Backhand shot by Jordan Leopold.
0:15 of 2nd period - Shot Misses the Net.
1:02 of 2nd period - Backhand shot by Rich Clune.
1:02 of 2nd period - Shot Misses the Net.
1:48 of 2nd period - Wrist shot by Colton Gillies.
1:48 of 2nd period - Stopped by Cam Ward with a rebound.
1:50 of 2nd period - Slapshot by Gemel Smith.
1:50 of 2nd period - Shot Misses the Net.
1:52 of 2nd period - Slapshot by Travis Ehrhardt.
1:52 of 2nd period - Shot Blocked by Ronalds Kenins.
1:54 of 2nd period - Slapshot by Travis Ehrhardt.
1:54 of 2nd period - Deflect By Gemel Smith.
1:54 of 2nd period - Shot Blocked by Anthony Peluso.
1:54 of 2nd period - Puck is out of play.
1:55 of 2nd period - Andrew Yogan wins face-off versus Chandler Stephenson in Tigers zone.
1:55 of 2nd period - Anthony Peluso beats up Rich Clune.
1:55 of 2nd period - Penalty to Rich Clune for Fighting.
1:55 of 2nd period - Penalty to Anthony Peluso for Fighting.
1:56 of 2nd period - Alexander Khokhlachev wins face-off versus Jordan Nolan in Tigers zone.
2:19 of 2nd period - Wrist shot by Rene Bourque.
2:19 of 2nd period - Stopped by Scott Clemmensen without a rebound.
2:20 of 2nd period - Ryan Carpenter wins face-off versus Carter Rowney in Marlies zone.
2:31 of 2nd period - Wrist shot by Ryan Carpenter.
2:31 of 2nd period - Shot Misses the Net.
3:15 of 2nd period - Scott Harrington is hit by Ronalds Kenins.
3:18 of 2nd period - Off-side.
3:19 of 2nd period - Chandler Stephenson wins face-off versus Gemel Smith in neutral zone.
3:35 of 2nd period - Backhand shot by Jarred Tinordi.
3:35 of 2nd period - Stopped by Cam Ward with a rebound.
3:37 of 2nd period - Snap shot by Scott Harrington.
3:37 of 2nd period - Deflect By Jordan Leopold.
3:37 of 2nd period - Stopped by Cam Ward with a rebound.
3:39 of 2nd period - Slapshot by Scott Harrington.
3:39 of 2nd period - Shot Blocked by Jordan Leopold.
3:41 of 2nd period - Slapshot by Jarred Tinordi.
3:41 of 2nd period - Shot Misses the Net.
3:43 of 2nd period - Wrist shot by Colton Gillies.
3:43 of 2nd period - Shot Blocked by Jordan Leopold.
3:45 of 2nd period - Backhand shot by Scott Harrington.
3:45 of 2nd period - Stopped by Cam Ward with a rebound.
4:07 of 2nd period - Slapshot by Kyle Quincey.
4:07 of 2nd period - Stopped by Scott Clemmensen with a rebound.
4:29 of 2nd period - Minor Penalty to Jordan Nolan for Hooking.
4:30 of 2nd period - Stefan Noesen wins face-off versus Carter Rowney in Marlies zone.
4:55 of 2nd period - Wrist shot by Stefan Noesen.
4:55 of 2nd period - Stopped by Cam Ward with a rebound.
5:55 of 2nd period - Stefan Noesen is hit by Adam Comrie and loses puck.
6:29 of 2nd period - Penalty to Jordan Nolan is over, Jordan Nolan is back on ice.
6:55 of 2nd period - Wrist shot by Austen Brassard.
6:55 of 2nd period - Stopped by Cam Ward with a rebound.
7:01 of 2nd period - Wrist shot by Chad Nehring.
7:01 of 2nd period - Deflect By Ryan Carpenter.
7:01 of 2nd period - Stopped by Cam Ward without a rebound.
7:02 of 2nd period - Chandler Stephenson wins face-off versus Ryan Carpenter in Tigers zone.
7:05 of 2nd period - Slapshot by Scott Harrington.
7:05 of 2nd period - Shot Blocked by Kyle Quincey.
7:17 of 2nd period - Wrist shot by Jarred Tinordi.
7:17 of 2nd period - Stopped by Cam Ward without a rebound.
7:18 of 2nd period - Chandler Stephenson wins face-off versus Ryan Carpenter in Tigers zone.
7:39 of 2nd period - Wrist shot by Ronalds Kenins.
7:39 of 2nd period - Shot Misses the Net.
7:41 of 2nd period - Slapshot by Kyle Quincey.
7:41 of 2nd period - Deflect By Scott Harrington.
7:41 of 2nd period - Stopped by Scott Clemmensen with a rebound.
7:43 of 2nd period - Wrist shot by Anthony Peluso.
7:43 of 2nd period - Stopped by Scott Clemmensen with a rebound.
7:45 of 2nd period - Snap shot by Kyle Quincey.
7:45 of 2nd period - Shot Misses the Net.
8:12 of 2nd period - Wrist shot by Ty Rattie.
8:12 of 2nd period - Stopped by Scott Clemmensen with a rebound.
8:49 of 2nd period - Chandler Stephenson is hit by Colton Gillies and loses puck.
9:13 of 2nd period - Travis Ehrhardt is hit by Chandler Stephenson and loses puck.
9:49 of 2nd period - Minor Penalty to Anthony Peluso for Hooking.
9:50 of 2nd period - Rene Bourque wins face-off versus Colton Gillies in Tigers zone.
11:04 of 2nd period - Rene Bourque is hit by Scott Harrington.
11:49 of 2nd period - Penalty to Anthony Peluso is over, Anthony Peluso is back on ice.
12:19 of 2nd period - Icing by David Shields.
12:20 of 2nd period - Carter Rowney wins face-off versus Ryan Carpenter in Marlies zone.
12:29 of 2nd period - Snap shot by Brandon Defazio.
12:29 of 2nd period - Stopped by Scott Clemmensen with a rebound.
12:31 of 2nd period - Snap shot by Kane Lafranchise.
12:31 of 2nd period - Shot Blocked by David Shields.
12:33 of 2nd period - Slapshot by Kane Lafranchise.
12:33 of 2nd period - Shot Misses the Net.
12:35 of 2nd period - Wrist shot by Kane Lafranchise.
12:35 of 2nd period - Shot Blocked by Jonathon Blum.
12:37 of 2nd period - Backhand shot by Kane Lafranchise.
12:37 of 2nd period - Shot Misses the Net.
12:53 of 2nd period - Snap shot by Anthony Peluso.
12:53 of 2nd period - Shot Misses the Net.
12:55 of 2nd period - Slapshot by Adam Comrie.
12:55 of 2nd period - Shot Hit the Post.
12:57 of 2nd period - Snap shot by Ronalds Kenins.
12:57 of 2nd period - Shot Misses the Net.
13:43 of 2nd period - Snap shot by Brandon Bollig.
13:43 of 2nd period - Shot Misses the Net.
13:45 of 2nd period - Snap shot by Carter Rowney.
13:45 of 2nd period - Deflect By Brandon Bollig.
13:45 of 2nd period - Stopped by Scott Clemmensen with a rebound.
14:23 of 2nd period - Minor Penalty to Kyle Quincey for Slashing.
14:24 of 2nd period - Rene Bourque wins face-off versus Rich Clune in Tigers zone.
14:24 of 2nd period - Rene Bourque is hit by Stefan Noesen.
14:57 of 2nd period - Wrist shot by Brandon Bollig.
14:57 of 2nd period - Deflect By Jarred Tinordi.
14:57 of 2nd period - Stopped by Scott Clemmensen with a rebound.
14:59 of 2nd period - Snap shot by Brandon Bollig.
14:59 of 2nd period - Shot Misses the Net.
16:23 of 2nd period - Penalty to Kyle Quincey is over, Kyle Quincey is back on ice.
16:49 of 2nd period - Colton Gillies beats up Anthony Peluso.
16:49 of 2nd period - Penalty to Colton Gillies for Fighting.
16:49 of 2nd period - Penalty to Anthony Peluso for Fighting.
16:50 of 2nd period - Gemel Smith wins face-off versus Chandler Stephenson in Marlies zone.
17:14 of 2nd period - Snap shot by Phil Di Giuseppe.
17:14 of 2nd period - Stopped by Cam Ward with a rebound.
17:16 of 2nd period - Slapshot by Travis Ehrhardt.
17:16 of 2nd period - Deflect By Ronalds Kenins.
17:16 of 2nd period - Stopped by Cam Ward without a rebound.
17:17 of 2nd period - Andrew Yogan wins face-off versus Carter Rowney in Tigers zone.
17:22 of 2nd period - Slapshot by Jarred Tinordi.
17:22 of 2nd period - Shot Blocked by Kane Lafranchise.
17:23 of 2nd period - Jarred Tinordi and Brandon Bollig fight to a draw.
17:23 of 2nd period - Penalty to Jarred Tinordi for Fighting.
17:23 of 2nd period - Penalty to Brandon Bollig for Fighting.
17:24 of 2nd period - Gemel Smith wins face-off versus Carter Rowney in Tigers zone.
17:25 of 2nd period - Slapshot by Scott Harrington.
17:25 of 2nd period - Stopped by Cam Ward without a rebound.
17:26 of 2nd period - Gemel Smith wins face-off versus Carter Rowney in Tigers zone.
17:27 of 2nd period - Wrist shot by Rich Clune.
17:27 of 2nd period - Stopped by Cam Ward with a rebound.
17:35 of 2nd period - Snap shot by Kyle Quincey.
17:35 of 2nd period - Stopped by Scott Clemmensen without a rebound.
17:36 of 2nd period - Gemel Smith wins face-off versus Carter Rowney in Marlies zone.
17:49 of 2nd period - Slapshot by Jordan Leopold.
17:49 of 2nd period - Shot Blocked by Travis Ehrhardt.
17:51 of 2nd period - Slapshot by Kyle Quincey.
17:51 of 2nd period - Deflect By Brandon Defazio.
17:51 of 2nd period - Stopped by Scott Clemmensen without a rebound.
17:52 of 2nd period - Jordan Nolan wins face-off versus Alexander Khokhlachev in Marlies zone.
17:52 of 2nd period - Jordan Nolan is hit by Alexander Khokhlachev.
18:47 of 2nd period - Slapshot by Jordan Leopold.
18:47 of 2nd period - Stopped by Scott Clemmensen with a rebound.
18:49 of 2nd period - Snap shot by Carter Rowney.
18:49 of 2nd period - Shot Misses the Net.
18:51 of 2nd period - Slapshot by Kyle Quincey.
18:51 of 2nd period - Deflect By Andy Miele.
18:51 of 2nd period - Stopped by Scott Clemmensen without a rebound.
18:52 of 2nd period - Andrew Yogan wins face-off versus Carter Rowney in Marlies zone.
19:47 of 2nd period - Harry Zolnierczyk is hit by Gemel Smith and loses puck.
Goals for this period are 0 for Tigers vs 0 for Marlies.
Shots for this period are 13 for Tigers vs 12 for Marlies.

3rd period


0:01 of 3rd period - Alexander Khokhlachev wins face-off versus Jordan Nolan in neutral zone.
0:24 of 3rd period - Wrist shot by Stefan Noesen.
0:24 of 3rd period - Shot Misses the Net.
1:37 of 3rd period - Snap shot by Harry Zolnierczyk.
1:37 of 3rd period - Shot Misses the Net.
1:39 of 3rd period - Slapshot by Ian White.
1:39 of 3rd period - Deflect By Ronalds Kenins.
1:39 of 3rd period - Shot Blocked by Scott Harrington.
1:39 of 3rd period - Puck is out of play.
1:40 of 3rd period - Harry Zolnierczyk wins face-off versus Gemel Smith in Marlies zone.
1:51 of 3rd period - Slapshot by Jonathon Blum.
1:51 of 3rd period - Stopped by Cam Ward with a rebound.
2:35 of 3rd period - Alexander Khokhlachev is hit by Jordan Nolan and loses puck.
3:42 of 3rd period - David Shields is hit by Connor Carrick and loses puck.
3:55 of 3rd period - Slapshot by Scott Harrington.
3:55 of 3rd period - Shot Blocked by Ty Rattie.
3:57 of 3rd period - Slapshot by Scott Harrington.
3:57 of 3rd period - Stopped by Cam Ward with a rebound.
3:59 of 3rd period - Snap shot by Jarred Tinordi.
3:59 of 3rd period - Shot Blocked by Adam Comrie.
4:01 of 3rd period - Slapshot by Scott Harrington.
4:01 of 3rd period - Shot Misses the Net.
4:03 of 3rd period - Wrist shot by Colton Gillies.
4:03 of 3rd period - Deflect By Gemel Smith.
4:03 of 3rd period - Shot Blocked by Carter Rowney.
4:03 of 3rd period - Puck is out of play.
4:04 of 3rd period - Gemel Smith wins face-off versus Chandler Stephenson in Tigers zone.
4:05 of 3rd period - Snap shot by Scott Harrington.
4:05 of 3rd period - Shot Blocked by Kyle Quincey.
4:40 of 3rd period - Icing by David Shields.
4:41 of 3rd period - Brandon Bollig wins face-off versus Jordan Nolan in Marlies zone.
5:05 of 3rd period - Andy Miele is hit by Harry Zolnierczyk and loses puck.
6:06 of 3rd period - Icing by Brandon Bollig.
6:07 of 3rd period - Carter Rowney wins face-off versus Gemel Smith in Tigers zone.
6:14 of 3rd period - Minor Penalty to Bobby Shea for Hooking.
6:15 of 3rd period - Stefan Noesen wins face-off versus Alexander Khokhlachev in Marlies zone.
6:28 of 3rd period - Snap shot by Kyle Quincey.
6:28 of 3rd period - Shot Misses the Net.
6:55 of 3rd period - Wrist shot by Brandon Bollig.
6:55 of 3rd period - Shot Misses the Net.
7:01 of 3rd period - Wrist shot by Ty Rattie.
7:01 of 3rd period - Shot Blocked by Scott Harrington.
7:15 of 3rd period - Jarred Tinordi is hit by Rene Bourque and loses puck.
7:56 of 3rd period - Slapshot by Patrick Kaleta.
7:56 of 3rd period - Shot Blocked by Andy Miele.
7:58 of 3rd period - Slapshot by Kyle Quincey.
7:58 of 3rd period - Deflect By Scott Harrington.
7:58 of 3rd period - Stopped by Scott Clemmensen without a rebound.
7:59 of 3rd period - Rich Clune wins face-off versus Alexander Khokhlachev in Marlies zone.
8:10 of 3rd period - Wrist shot by Kyle Quincey.
8:10 of 3rd period - Stopped by Scott Clemmensen without a rebound.
8:11 of 3rd period - Alexander Khokhlachev wins face-off versus Rich Clune in Marlies zone.
8:14 of 3rd period - Penalty to Bobby Shea is over, Bobby Shea is back on ice.
8:16 of 3rd period - Slapshot by Kyle Quincey.
8:16 of 3rd period - Stopped by Scott Clemmensen without a rebound.
8:17 of 3rd period - Alexander Khokhlachev wins face-off versus Ryan Carpenter in Marlies zone.
8:36 of 3rd period - Slapshot by Jonathon Blum.
8:36 of 3rd period - Shot Misses the Net.
8:42 of 3rd period - Jordan Leopold is hit by Austen Brassard and loses puck.
8:49 of 3rd period - Jordan Leopold is hit by Rich Clune and loses puck.
9:02 of 3rd period - Snap shot by Ronalds Kenins.
9:02 of 3rd period - Stopped by Scott Clemmensen without a rebound.
9:03 of 3rd period - Chandler Stephenson wins face-off versus Gemel Smith in Marlies zone.
9:12 of 3rd period - Slapshot by Ronalds Kenins.
9:12 of 3rd period - Stopped by Scott Clemmensen without a rebound.
9:13 of 3rd period - Chandler Stephenson wins face-off versus Gemel Smith in Marlies zone.
9:17 of 3rd period - Slapshot by Adam Comrie.
9:17 of 3rd period - Shot Blocked by Bobby Shea.
9:23 of 3rd period - Wrist shot by Anthony Peluso.
9:23 of 3rd period - Shot Misses the Net.
9:25 of 3rd period - Wrist shot by Ronalds Kenins.
9:25 of 3rd period - Shot Misses the Net.
9:27 of 3rd period - Wrist shot by Chandler Stephenson.
9:27 of 3rd period - Shot Blocked by Bobby Shea.
9:29 of 3rd period - Snap shot by Anthony Peluso.
9:29 of 3rd period - Stopped by Scott Clemmensen with a rebound.
9:31 of 3rd period - Snap shot by Anthony Peluso.
9:31 of 3rd period - Deflect By Ronalds Kenins.
9:31 of 3rd period - Shot Misses the Net.
9:31 of 3rd period - Puck is out of play.
9:32 of 3rd period - Ryan Carpenter wins face-off versus Carter Rowney in Marlies zone.
9:32 of 3rd period - Ryan Carpenter is hit by Carter Rowney.
10:18 of 3rd period - David Shields is hit by Ronalds Kenins and loses puck.
10:36 of 3rd period - Scott Harrington is hit by Ronalds Kenins and loses puck.
11:27 of 3rd period - Slapshot by Brandon Bollig.
11:27 of 3rd period - Stopped by Scott Clemmensen without a rebound.
11:28 of 3rd period - Carter Rowney wins face-off versus Jordan Nolan in Marlies zone.
11:47 of 3rd period - Wrist shot by Stefan Noesen.
11:47 of 3rd period - Stopped by Cam Ward with a rebound.
12:24 of 3rd period - Kyle Quincey is hit by Phil Di Giuseppe and loses puck.
12:53 of 3rd period - Snap shot by Rich Clune.
12:53 of 3rd period - Goal by Rich Clune - Tigers : 1 - Marlies : 1.
12:54 of 3rd period - Jordan Nolan wins face-off versus Carter Rowney in neutral zone.
13:03 of 3rd period - Jarred Tinordi and Brandon Bollig fight to a draw.
13:03 of 3rd period - Penalty to Jarred Tinordi for Fighting.
13:03 of 3rd period - Jarred Tinordi is ejected from game.
13:03 of 3rd period - Penalty to Brandon Bollig for Fighting.
13:03 of 3rd period - Brandon Bollig is ejected from game.
13:04 of 3rd period - Carter Rowney wins face-off versus Jordan Nolan in neutral zone.
13:33 of 3rd period - Wrist shot by Stefan Noesen.
13:33 of 3rd period - Deflect By Andy Miele.
13:33 of 3rd period - Shot Misses the Net.
13:33 of 3rd period - Puck is out of play.
13:34 of 3rd period - Andrew Yogan wins face-off versus Alexander Khokhlachev in Tigers zone.
14:05 of 3rd period - Snap shot by Rich Clune.
14:05 of 3rd period - Deflect By Colton Gillies.
14:05 of 3rd period - Stopped by Cam Ward without a rebound.
14:06 of 3rd period - Chandler Stephenson wins face-off versus Jordan Nolan in Tigers zone.
15:13 of 3rd period - Ryan Carpenter is hit by Brandon Defazio and loses puck.
15:22 of 3rd period - Kane Lafranchise is hit by Rich Clune and loses puck.
15:52 of 3rd period - Colton Gillies is hit by Patrick Kaleta and loses puck.
16:22 of 3rd period - Snap shot by Andy Miele.
16:22 of 3rd period - Shot Blocked by Adam Comrie.
16:24 of 3rd period - Wrist shot by Scott Harrington.
16:24 of 3rd period - Shot Blocked by Connor Carrick.
16:26 of 3rd period - Snap shot by Stefan Noesen.
16:26 of 3rd period - Stopped by Cam Ward with a rebound.
16:36 of 3rd period - Rene Bourque is hit by Andrew Yogan.
16:44 of 3rd period - Slapshot by Scott Harrington.
16:44 of 3rd period - Stopped by Cam Ward with a rebound.
16:46 of 3rd period - Slapshot by Andrew Yogan.
16:46 of 3rd period - Stopped by Cam Ward with a rebound.
17:00 of 3rd period - Adam Comrie is hit by Scott Harrington and loses puck.
17:29 of 3rd period - Wrist shot by Ronalds Kenins.
17:29 of 3rd period - Stopped by Scott Clemmensen with a rebound.
17:33 of 3rd period - Snap shot by Ronalds Kenins.
17:33 of 3rd period - Stopped by Scott Clemmensen without a rebound.
17:34 of 3rd period - Jordan Nolan wins face-off versus Chandler Stephenson in Marlies zone.
17:56 of 3rd period - Bobby Shea is hit by Ronalds Kenins and loses puck.
18:44 of 3rd period - Snap shot by Jonathon Blum.
18:44 of 3rd period - Stopped by Cam Ward with a rebound.
18:50 of 3rd period - Wrist shot by Stefan Noesen.
18:50 of 3rd period - Shot Blocked by Ty Rattie.
18:52 of 3rd period - Slapshot by David Shields.
18:52 of 3rd period - Shot Blocked by Jordan Leopold.
19:31 of 3rd period - Icing by Ronalds Kenins.
19:32 of 3rd period - Harry Zolnierczyk wins face-off versus Gemel Smith in Tigers zone.
Goals for this period are 0 for Tigers vs 1 for Marlies.
Shots for this period are 9 for Tigers vs 9 for Marlies.

Overtime #1


0:01 of 1st overtime period - Stefan Noesen wins face-off versus Rene Bourque in neutral zone.
0:14 of 1st overtime period - Snap shot by Jordan Leopold.
0:14 of 1st overtime period - Shot Blocked by Scott Harrington.
0:16 of 1st overtime period - Snap shot by Kyle Quincey.
0:16 of 1st overtime period - Stopped by Scott Clemmensen with a rebound.
0:30 of 1st overtime period - Slapshot by Jordan Leopold.
0:30 of 1st overtime period - Stopped by Scott Clemmensen with a rebound.
0:32 of 1st overtime period - Slapshot by Kyle Quincey.
0:32 of 1st overtime period - Shot Misses the Net.
0:52 of 1st overtime period - Stefan Noesen is hit by Kyle Quincey and loses puck.
1:27 of 1st overtime period - Wrist shot by Stefan Noesen.
1:27 of 1st overtime period - Shot Misses the Net.
1:57 of 1st overtime period - Wrist shot by Rich Clune.
1:57 of 1st overtime period - Shot Blocked by Adam Comrie.
2:03 of 1st overtime period - Bobby Shea is hit by Adam Comrie and loses puck.
2:24 of 1st overtime period - Wrist shot by Harry Zolnierczyk.
2:24 of 1st overtime period - Shot Misses the Net.
2:46 of 1st overtime period - Slapshot by Kyle Quincey.
2:46 of 1st overtime period - Shot Blocked by Scott Harrington.
2:48 of 1st overtime period - Slapshot by Kyle Quincey.
2:48 of 1st overtime period - Deflect By Scott Harrington.
2:48 of 1st overtime period - Stopped by Scott Clemmensen with a rebound.
2:50 of 1st overtime period - Slapshot by Jordan Leopold.
2:50 of 1st overtime period - Deflect By Scott Harrington.
2:50 of 1st overtime period - Stopped by Scott Clemmensen with a rebound.
2:52 of 1st overtime period - Backhand shot by Kyle Quincey.
2:52 of 1st overtime period - Stopped by Scott Clemmensen without a rebound.
2:53 of 1st overtime period - Stefan Noesen wins face-off versus Chandler Stephenson in Marlies zone.
3:08 of 1st overtime period - Wrist shot by Phil Di Giuseppe.
3:08 of 1st overtime period - Stopped by Cam Ward with a rebound.
3:10 of 1st overtime period - Slapshot by David Shields.
3:10 of 1st overtime period - Shot Misses the Net.
3:58 of 1st overtime period - Slapshot by Connor Carrick.
3:58 of 1st overtime period - Stopped by Scott Clemmensen without a rebound.
3:59 of 1st overtime period - Stefan Noesen wins face-off versus Harry Zolnierczyk in Marlies zone.
4:43 of 1st overtime period - Colton Gillies is hit by Kyle Quincey and loses puck.
4:52 of 1st overtime period - Brandon Defazio is hit by Rich Clune.
Goals for this period are 0 for Tigers vs 0 for Marlies.
Shots for this period are 6 for Tigers vs 1 for Marlies.

ShootOut


5:00 of 1st overtime period - Penalty Shot by Rene Bourque for Tigers.
5:00 of 1st overtime period - Wrist shot by Rene Bourque.
5:00 of 1st overtime period - Stopped by Scott Clemmensen.
5:00 of 1st overtime period - Penalty Shot by Jordan Nolan for Marlies.
5:00 of 1st overtime period - Backhand shot by Jordan Nolan.
5:00 of 1st overtime period - Stopped by Cam Ward.
5:00 of 1st overtime period - Penalty Shot by Jordan Leopold for Tigers.
5:00 of 1st overtime period - Deke by Jordan Leopold.
5:00 of 1st overtime period - Shot Misses the Net.
5:00 of 1st overtime period - Penalty Shot by Andy Miele for Marlies.
5:00 of 1st overtime period - Wrist shot by Andy Miele.
5:00 of 1st overtime period - Stopped by Cam Ward.
5:00 of 1st overtime period - Penalty Shot by Patrick Kaleta for Tigers.
5:00 of 1st overtime period - Deke by Patrick Kaleta.
5:00 of 1st overtime period - Stopped by Scott Clemmensen.
5:00 of 1st overtime period - Penalty Shot by Rich Clune for Marlies.
5:00 of 1st overtime period - Snap shot by Rich Clune.
5:00 of 1st overtime period - Stopped by Cam Ward.
5:00 of 1st overtime period - Penalty Shot by Ty Rattie for Tigers.
5:00 of 1st overtime period - Backhand shot by Ty Rattie.
5:00 of 1st overtime period - Stopped by Scott Clemmensen.
5:00 of 1st overtime period - Penalty Shot by Colton Gillies for Marlies.
5:00 of 1st overtime period - Wrist shot by Colton Gillies.
5:00 of 1st overtime period - Shot Misses the Net.
5:00 of 1st overtime period - Penalty Shot by Ronalds Kenins for Tigers.
5:00 of 1st overtime period - Snap shot by Ronalds Kenins.
5:00 of 1st overtime period - Stopped by Scott Clemmensen.
5:00 of 1st overtime period - Penalty Shot by Stefan Noesen for Marlies.
5:00 of 1st overtime period - Wrist shot by Stefan Noesen.
5:00 of 1st overtime period - Stopped by Cam Ward.
5:00 of 1st overtime period - Penalty Shot by Kyle Quincey for Tigers.
5:00 of 1st overtime period - Wrist shot by Kyle Quincey.
5:00 of 1st overtime period - Goal by Kyle Quincey.
5:00 of 1st overtime period - Penalty Shot by Andrew Yogan for Marlies.
5:00 of 1st overtime period - Snap shot by Andrew Yogan.
5:00 of 1st overtime period - Stopped by Cam Ward.